 Dungeon Crawl Stone Soup version 0.22.1-1-ga44c0e56f4 (webtiles) character file.

2450 Blejac999 the Grappler (level 9, -4/70 (72) HPs)
             Began as a Ghoul Monk on Sept 29, 2018.
             Was a Priest of Wu Jian.
             Slain by a hog (9 damage)
             ... on level 7 of the Dungeon.
             The game lasted 00:15:27 (8479 turns).

Blejac999 the Grappler (Ghoul Monk)                 Turns: 8479, Time: 00:15:28

HP:   -4/70 (72)    AC:  9    Str: 18    XL:     9   Next: 49%
MP:   8/8           EV:  9    Int:  5    God:    Wu Jian [***...]
Gold: 418           SH:  0    Dex: 14    Spells: 8/8 levels left

rFire    . . .     SeeInvis .     - Unarmed
rCold    + + .     Gourm    .   (no shield)
rNeg     + + +     Faith    +   z - +2 chain mail of Guiriqez {*Corrode rC+ rN+ Str+3}
rPois    ∞         Spirit   .   (no helmet)
rElec    .         Reflect  .   (no cloak)
rCorr    .         Harm     .   (no gloves)
MR       .....                  p - +1 pair of boots
Stlth    ..........             o - amulet of faith
HPRegen  0.00/turn              (no ring)
MPRegen  0.11/turn              (no ring)

@: corroded, rotting
A: rotting body, claws 1, carnivore, cold resistance 1, negative energy
resistance 3, inhibited regeneration, torment resistance, unbreathing
a: Wall Jump, Serpent's Lash, Renounce Religion


You were on level 7 of the Dungeon.
You worshipped Wu Jian.
Wu Jian was most pleased with you.
You were not hungry.

You visited 2 branches of the dungeon, and saw 8 of its levels.

You collected 418 gold pieces.

Inventory:

Armour
 g - a +0 leather armour
 p - a +1 pair of boots (worn)
 z - the +2 chain mail of Guiriqez (worn) {*Corrode rC+ rN+ Str+3}
   (You found it on level 6 of the Dungeon)

   It affects your strength (+3).
   It protects you from cold.
   It protects you from negative energy.
   It may corrode you when you take damage.
Jewellery
 o - an amulet of faith (around neck)
 s - an uncursed amulet of the acrobat {unknown}
Wands
 f - a wand of iceblast (6)
 m - a wand of random effects (17)
 u - a wand of polymorph (10)
 v - a wand of paralysis (7)
Scrolls
 j - 4 scrolls of remove curse
 n - a scroll of teleportation
 q - 3 scrolls of identify
 y - a scroll of holy word {unknown}
Potions
 a - a potion of lignification {unknown}
 c - a potion of brilliance {unknown}
 d - 2 potions of degeneration {unknown}
 h - a potion of might {unknown}
 i - 3 potions of mutation {unknown}
 k - a potion of magic {unknown}
 l - 5 potions of haste {unknown}
 r - 2 potions of invisibility {unknown}
 t - a potion of flight {unknown}
 x - 3 potions of curing {unknown}
Comestibles
 b - 14 rations


   Skills:
 + Level 4.7 Fighting
 + Level 4.7 Armour
 + Level 4.6 Dodging
 + Level 4.7 Stealth
 + Level 10.6 Unarmed Combat


You had 8 spell levels left.
You didn't know any spells.
Your spell library was empty.

Dungeon Overview and Level Annotations

Branches:
Dungeon (7/15)             Temple (1/1) D:5

Altars:
Ashenzari
Cheibriados
Dithmenos
Elyvilon
Fedhas
Gozag
Kikubaaqudgha
Makhleb
Nemelex Xobeh
Okawaru
Qazlal
Ru
Sif Muna
Trog
Uskayaw
Vehumet
Wu Jian
Xom
Yredelemnul
Zin
The Shining One

Shops:
D:5 :   D:6 [[([[


Innate Abilities, Weirdness & Mutations

Your body is rotting away.
You thrive on raw meat.
You are immune to poison.
You have sharp fingernails.
You are carnivorous and can eat meat at any time.
Your flesh is cold resistant. (rC+)
You are immune to negative energy. (rN+++)
You do not regenerate when monsters are visible.
You are immune to unholy pain and torment.
You can survive without breathing.


Message History

You scratch the hog but do no damage.
The hog is heavily wounded.
The hog bites you but does no damage.
You claw the hog!
The hog is severely wounded.
The hog bites you! x2
You scratch the hog.
The hog is severely wounded.
The hog bites you. The hog bites you!
Your corrosive artefact corrodes you!
You spin and attack the hog.
You closely miss the hog. The hog bites you!
* * * LOW HITPOINT WARNING * * *
The hog bites you!
* * * LOW HITPOINT WARNING * * *
Okay, then.
Okay, then.
Okay, then.
You spin and attack the hog.
You scratch the hog.
The hog is severely wounded.
The hog bites you!
You die...

###....## ##...#
# ##....## ##..##
# ##....# #...##
# ###..## ##...#
# ##..##
##..###### #
##..##
#.........# ##
##..###.........#
.##
##>.##.........#
..##
##....@.......#
...#
##..h.......#
.###
#..........## ##
##.#h........##
#...#.........##
##)#####.......#.
#..# #.........
####
#..#.h#.........
...#
#..'h.#.....##..


You could see 2 hogs.

Vanquished Creatures
  Grinder (D:3)
  Sigmund (D:3)
  A wraith (D:7)
  A human (D:7)
  A hog (D:7)
  An orc warrior (D:6)
  An ice beast (D:5)
  A necrophage (D:7)
  2 ogres
  A centaur (D:5)
  2 bullfrogs (D:7)
  An elf skeleton (D:7)
  A scorpion (D:5)
  A troll zombie (D:7)
  A wight (D:7)
  A crimson imp (D:7)
  5 orc priests
  2 hounds
  5 human zombies (D:7)
  Terence (D:2)
  2 orc wizards
  A human skeleton (D:7)
  3 worker ants
  A mummy (D:7)
  5 adders
  A shadow imp (D:6)
  An adder skeleton (D:6)
  6 worms
  3 dart slugs
  5 leopard geckos
  31 orcs
  3 giant cockroaches
  10 goblins
  8 hobgoblins
  20 jackals
  5 quokkas
  3 ball pythons
  9 bats
  5 frilled lizards
  12 kobolds
  A leopard gecko skeleton (D:4)
  6 rats
  A plant (D:1)
173 creatures vanquished.

Vanquished Creatures (others)
  A fungus (D:2)
1 creature vanquished.

Grand Total: 174 creatures vanquished

Notes
Turn   | Place    | Note
-------+----------+-------------------------------------------
     0 | D:1      | Blejac999 the Ghoul Monk began the quest for the Orb.
     0 | D:1      | Reached XP level 1. HP: 19/19 MP: 0/0
   217 | D:1      | Reached XP level 2. HP: 17/26 MP: 1/1
   483 | D:1      | Found a glowing golden altar of the Shining One.
   641 | D:1      | Reached XP level 3. HP: 25/31 MP: 2/2
   907 | D:1      | Reached skill level 4 in Unarmed Combat
  1289 | D:2      | Found a blossoming altar of Fedhas.
  1430 | D:2      | Found a glowing silver altar of Zin.
  1738 | D:2      | Reached XP level 4. HP: 38/38 MP: 3/3
  2363 | D:2      | Reached skill level 1 in Armour
  2648 | D:3      | Noticed Terence
  2958 | D:2      | Killed Terence
  2958 | D:2      | Reached skill level 5 in Unarmed Combat
  2958 | D:2      | Reached XP level 5. HP: 24/46 MP: 4/4
  4032 | D:3      | Reached XP level 6. HP: 38/52 MP: 5/5
  4129 | D:3      | Noticed Sigmund
  4142 | D:3      | Killed Sigmund
  4142 | D:3      | Reached skill level 6 in Unarmed Combat
  4159 | D:3      | Noticed Grinder
  4385 | D:3      | Paralysed by Grinder for 2 turns
  4402 | D:3      | Killed Grinder
  4402 | D:3      | Reached XP level 7. HP: 32/59 MP: 6/6
  4643 | D:3      | Reached skill level 7 in Unarmed Combat
  5252 | D:4      | Found a sand-covered staircase.
  5285 | D:4      | Found a glowing golden altar of the Shining One.
  5557 | D:5      | Entered Level 5 of the Dungeon
  5557 | D:5      | Found Gypig's Book Shop.
  5595 | D:4      | Reached XP level 8. HP: 50/66 MP: 7/7
  6280 | D:5      | Reached skill level 8 in Unarmed Combat
  6321 | D:5      | Found a staircase to the Ecumenical Temple.
  6395 | Temple   | Entered the Ecumenical Temple
  6432 | Temple   | Became a worshipper of the Wu Jian Council
  6432 | Temple   | Reached * piety under Wu Jian
  6432 | Temple   | Reached ** piety under Wu Jian
  6828 | D:6      | Found Yjey's Antique Armour Emporium.
  6838 | D:6      | Found Causoifi's Weapon Shop.
  6881 | D:6      | Got a transparent chain mail
  6892 | D:6      | Identified the +2 chain mail of Guiriqez {*Corrode rC+ rN+
                  | Str+3} (You found it on level 6 of the Dungeon)
  6935 | D:6      | Found Zayrimp's Armour Shop.
  7203 | D:6      | Found Kumos's Armour Shoppe.
  7207 | D:6      | Found Jofo's Armour Shop.
  7797 | D:7      | Reached skill level 9 in Unarmed Combat
  8002 | D:7      | Reached XP level 9. HP: 71/72 MP: 8/8
  8031 | D:7      | Reached *** piety under Wu Jian
  8037 | D:7      | Found an ancient bone altar of Kikubaaqudgha.
  8089 | D:7      | Reached skill level 10 in Unarmed Combat
  8479 | D:7      | Slain by a hog

Skill      XL: |  1  2  3  4  5  6  7  8  9 |
---------------+----------------------------+-----
Dodging        | 3 4 |  4.6
Unarmed Combat | 4 5 6 7 9 10 | 10.6
Armour         | 1 2 3 4 |  4.7
Fighting       | 4 |  4.7
Stealth        | 3 4 |  4.7

Action                   |  1- 3 |  4- 6 |  7- 9 || total
-------------------------+-------+-------+-------++-------
Melee: Unarmed           |   171 |   226 |   332 ||   729
       Punch             |     3 |     4 |    11 ||    18
Invok: Whirlwind         |       |       |    35 ||    35
       Lunge             |       |       |    16 ||    16
       Wall Jump         |       |       |     2 ||     2
Evoke: Wand              |       |       |     1 ||     1
  Use: Scroll            |       |     7 |     4 ||    11
       Potion            |       |     2 |     1 ||     3
 Stab: Sleeping          |     3 |     1 |     2 ||     6
       Distracted        |       |     2 |       ||     2
       Paralysed         |       |       |     3 ||     3
       Fleeing           |       |       |     1 ||     1
  Eat: Chunk             |     6 |     8 |    14 ||    28
Armor: Robe              |    11 |       |       ||    11
       Leather armour    |    13 |    44 |    17 ||    74
       Chain mail        |       |       |    84 ||    84
Dodge: Dodged            |    73 |   114 |   146 ||   333
